 Dungeon Crawl Stone Soup version 0.29-a0-82-g837932c90e (webtiles) character file.

Game seed: 810220997226994889

21 inmateoo the Ruffian (level 2, -3/29 HPs)
             Began as a Troll Cinder Acolyte on Feb 5, 2022.
             Slain by a fire elemental (12 damage)
             ... created by the fiery vengeance of Ignis
             ... on level 1 of the Dungeon.
             The game lasted 00:00:33 (339 turns).

inmateoo the Ruffian (Troll Cinder Acolyte)          Turns: 339, Time: 00:00:33

Health: -3/29      AC:  4    Str: 21    XL:     2   Next: 62%
Magic:  2/2        EV:  9    Int: 10    God:
Gold:   15         SH:  0    Dex:  5    Spells: 3/3 levels left

rFire   . . .      SeeInvis .     - Unarmed
rCold   . . .      Faith    .   (no shield)
rNeg    . . .      Spirit   .   a - +0 robe
rPois   .          Reflect  .   (helmet restricted)
rElec   .          Harm     .   (no cloak)
rCorr   .          Rampage  .   (gloves unavailable)
Will    .....                   (boots unavailable)
Stlth   +.........              (no amulet)
HPRegen 0.89/turn               (no ring)
MPRegen 0.08/turn               (no ring)

@: fire susceptible
A: large, unfitting armour, claws 3, regeneration 1, shaggy fur 1, tough skin 1
a: no special abilities


You were on level 1 of the Dungeon.
You visited 1 branch of the dungeon, and saw 1 of its levels.

You collected 15 gold pieces.

Inventory:

Armour
 a - a +0 robe (worn)
Scrolls
 c - a scroll of vulnerability {unknown}
 d - a scroll of identify {unknown}
Potions
 b - 2 potions of berserk rage {unknown}


   Skills:
 + Level 2.6 Fighting
 + Level 0.1 Dodging
 + Level 3.4 Unarmed Combat
 + Level 1.0 Spellcasting
 + Level 2.4 Fire Magic


You had 3 spell levels left.
You didn't know any spells.
Your spell library contained the following spells:

 Spells                   Type           Power      Damage    Failure   Level
 Scorch                   Fire           10%        2d5       19%         2


Dungeon Overview and Level Annotations

Branches:
Dungeon (1/15)

Altars:


Innate Abilities, Weirdness & Mutations

You are too large for most types of armour.
You have claws for hands.
Your natural rate of healing is unusually fast.
You are covered in fur. (AC +1)
You have tough skin. (AC +1)


Message History

No target in view!
No target in view!
A quokka comes into view.
Found 2 metallic blue potions.
A quokka is nearby!
The quokka bites you.
A quokka is nearby!
You closely miss the quokka. The quokka barely misses you.
You claw the quokka!
You kill the quokka!
b - 2 metallic blue potions No target in view!
c - a scroll labelled NUCVI LEMOTANO No target in view!
d - a scroll labelled CUMMUZ WO WYISS Key pressed, stopping explore.
No target in view!
You now have 15 gold pieces (gained 9).
Key pressed, stopping explore.
No target in view!
Key pressed, stopping explore.
No target in view!
Found a stone staircase leading down.
No target in view! "These will know how to inflict the punishment due to you!" 3 fire elementals come into view.
You closely miss the fire elemental.
There are monsters nearby!
You closely miss the fire elemental. The fire elemental hits you.
The fire elemental burns you! The fire elemental hits you.
The fire elemental burns you!
You are too injured to fight recklessly!
There are monsters nearby!
You are too injured to fight recklessly!
Unknown command.
Unknown command.
You scratch the fire elemental.
The fire elemental is lightly damaged.
The fire elemental hits you. The fire elemental burns you!
You die...

.###.###.## #...####.# #..####
(.#..###.# #(.......# .....#
.........# ##..####.# #.##.#
..#..##### #..####.####.##.#
.###.....# #........).†.....
#.#.####.## ##.###...##.....#
##.####..>##### ##.#.......#.#
#............####.###.#.##..##..
######...#....E@EE# ##.###..#...
##.##...###### ## #..#...
#.###### #..#... #.# #...... #.#
##.#.... #.# #.#.#... #.#
#...#.. #.# #.#.#... #.# .#....


You could see 3 fire elementals.

Vanquished Creatures
  2 bats (D:1)
  4 hobgoblins (D:1)
  5 jackals (D:1)
  3 kobolds (D:1)
  A quokka (D:1)
  A frilled lizard (D:1)
  A goblin (D:1)
  A rat (D:1)
18 creatures vanquished.

Vanquished Creatures (others)
  A plant (D:1)
1 creature vanquished.

Grand Total: 19 creatures vanquished

Notes
Turn   | Place    | Note
-------+----------+-------------------------------------------
     0 | D:1      | inmateoo the Troll Cinder Acolyte began the quest for the
                  | Orb.
     0 | D:1      | Reached XP level 1. HP: 22/22 MP: 1/1
     0 | D:1      | Fell from the grace of Ignis
    23 | D:1      | Found a faded altar of an unknown god.
    74 | D:1      | Reached XP level 2. HP: 29/29 MP: 2/2
   337 | D:1      | Noticed a fire elemental
   337 | D:1      | Noticed a fire elemental
   337 | D:1      | Noticed a fire elemental
   339 | D:1      | Slain by a fire elemental

Illustrated notes

Levels and vault maps discovered:
D:1:      sevenhm_arrival_forest_fort_small_4, layout_loops_ring,
          hellmonk_ecumenical_altar_dog_temple

Action                   || total
-------------------------++-------
Melee: Unarmed           ||    41
Invok: Renounce Religion ||     1
Armor: Robe              ||    15
Dodge: Dodged            ||    27

Table legend: (Time is in decaauts)
 A = Elapsed time spent in this place.
 B = Non-inter-level travel time spent in this place.
 C = Inter-level travel time spent in this place.
 D = Time resting spent in this place.
 E = Time spent auto-exploring this place.
 F = Levels seen in this place.
 G = Mean time per level.
                   A        B        C        D        E       F      G
               +--------+--------+--------+--------+--------+-----+--------+
         Total |    340 |    340 |      0 |      0 |    243 |   1 |  340.0 |
       Dungeon |    340 |    340 |      0 |      0 |    243 |   1 |  340.0 |
               +--------+--------+--------+--------+--------+-----+--------+

Top non-repeatable levels by time:
     D:1: 340 daAuts
